 Seeded DCSS version 0.29.0-4-gdea44cf6ec (webtiles) character file.

Game seed: 5337410552844409547 (custom seed)

105 NinjaNoafa the Chopper (level 3, 0/31 HPs)
             Began as a Hill Orc Monk on Aug 26, 2022.
             Was a Follower of Ru.
             Slain by an iguana (7 damage)
             ... on level 4 of the Dungeon.
             The game lasted 00:06:13 (3179 turns).

NinjaNoafa the Chopper (Hill Orc Monk)              Turns: 3179, Time: 00:06:14

Health: 0/31       AC:  9    Str: 21    XL:     3   Next: 83%
Magic:  3/3        EV: 10    Int: 10    God:    Ru [*.....]
Gold:   120        SH:  0    Dex: 13    Spells: 2/2 levels left

rFire   . . .      SeeInvis .   h - +1 spear (vorpal)
rCold   . . .      Faith    .   (no shield)
rNeg    + . .      Spirit   .   v - +0 scale mail
rPois   .          Reflect  .   (no helmet)
rElec   .          Harm     .   (no cloak)
rCorr   .          Rampage  .   a - +0 pair of gloves
Will    .....                   t - +0 pair of boots {Fly}
Stlth   ..........              (no amulet)
HPRegen 0.10/turn               q - ring "Baatasch" {+Blink rN+ Str+6 Slay+3}
MPRegen 0.08/turn               (no ring)

@: flying
A: inexperienced 1
a: Renounce Religion, Evoke Blink


You were on level 4 of the Dungeon.
You worshipped Ru.
Ru was aware of your devotion.
You visited 1 branch of the dungeon, and saw 4 of its levels.

You collected 120 gold pieces.

Inventory:

Hand Weapons
 h - a +1 vorpal spear (weapon)
Missiles
 b - 6 boomerangs
 e - 23 stones (quivered)
Armour
 a - a +0 pair of gloves (worn)
 t - a +0 pair of boots of flying (worn)
 v - a +0 scale mail (worn)
Jewellery
 q - the ring "Baatasch" (left hand) {+Blink rN+ Str+6 Slay+3}
   (You found it on level 3 of the Dungeon)

   [ring of strength]

   Str:       It affects your strength (+6).
   Slay:      It affects your accuracy & damage with ranged weapons and melee
   (+3).
   rN:        It protects you from negative energy.
   +Blink:    It lets you blink.
Wands
 s - a wand of polymorph (9)
Scrolls
 f - 3 scrolls of identify {unknown}
 i - a scroll of torment {unknown}
 k - a scroll of fog {unknown}
 l - a scroll of enchant armour {unknown}
 o - a scroll of teleportation {unknown}
 p - a scroll of fear {unknown}
 r - a scroll of amnesia {unknown}
 w - a scroll of noise {unknown}
Potions
 c - a potion of ambrosia
 d - 4 potions of curing {unknown}
 g - a potion of haste {unknown}
 j - 2 potions of attraction {unknown}
 m - a potion of might {unknown}
 n - 2 potions of heal wounds {unknown}
 u - a potion of flight {unknown}


   Skills:
 - Level 3.6 Fighting
 - Level 4.0(4.8) Axes
 - Level 3.2(4.0) Polearms
 - Level 3.0 Armour
 - Level 2.4 Dodging
 - Level 1.5 Stealth
 + Level 0.4 Evocations


You had 2 spell levels left.
You didn't know any spells.
Your spell library contained the following spells:

 Spells                   Type           Power      Damage    Failure   Level
 Sublimation of Blood     Necr           0%         N/A       83%         2
 Wereblood                Tmut           0%         N/A       83%         2
 Summon Hydra             Summ           0%         N/A       100%        7


Dungeon Overview and Level Annotations

Branches:
Dungeon (4/15)
 Temple: D:4-7

Altars:
Dithmenos
Fedhas
Ru
Sif Muna

Annotations:
D:3 3 runed translucent doors, gelatine's ghost, amateur DsVM


Innate Abilities, Weirdness & Mutations

You are somewhat inexperienced. (-1 XL)


Message History

You kill the adder!
The ball python bites you but does no damage.
The ball python constricts you.
Training target 4.0 for Polearms reached!
You need to enable at least one skill for training.
Okay, then.
A ball python is nearby!
You hit the ball python.
You kill the ball python!
You see here a ball python corpse.
There is a fountain of clear blue water here.
You reach down and open the door.
There is an open door here.
w - a scroll labelled PEOTEA HEABO An iguana comes into view.
The iguana hisses angrily.
You barely miss the iguana. The iguana closely misses you.
You hit the iguana.
The iguana is moderately wounded.
The iguana bites you.
You hit the iguana.
The iguana is heavily wounded.
The iguana bites you but does no damage.
You hit the iguana but do no damage.
The iguana is heavily wounded.
The iguana bites you.
You hit the iguana but do no damage.
The iguana is heavily wounded.
The iguana bites you!
You hit the iguana.
The iguana is severely wounded.
The iguana bites you.
* * * LOW HITPOINT WARNING * * *
Okay, then.
You hit the iguana but do no damage.
The iguana is severely wounded.
You closely miss the iguana.
The iguana is severely wounded.
The iguana bites you!
You die...

### ##### ######..
#... .......# ##..#
#.# ##..
.!.########.###...
#.###.###.............
#..l...#.#####.#####.
#.###@..#.# #.# #.
#...#.# #.# ###.
#...#.# #.# #...
#...#.#####.# #.##
#...........###.##
.....................
#..###..###.##.#.##..#
#. #..###.#..#.##..# .
.>................


You could see an iguana.

Vanquished Creatures
  A gnoll (D:1)
  3 adders
  3 dart slugs (D:2)
  An orc (D:3)
  8 ball pythons
  7 endoplasms
  A giant cockroach (D:2)
  8 hobgoblins
  4 jackals (D:2)
  2 quokkas (D:1)
  2 bats
  4 frilled lizards
  2 goblins
  6 kobolds
  7 rats
59 creatures vanquished.

Vanquished Creatures (others)
  3 fungi (D:2)
  6 plants (D:2)
9 creatures vanquished.

Grand Total: 68 creatures vanquished

Notes
Turn   | Place    | Note
-------+----------+-------------------------------------------
     0 | D:1      | NinjaNoafa the Hill Orc Monk began the quest for the Orb.
     0 | D:1      | Reached XP level 1. HP: 19/19 MP: 1/1
   228 | D:1      | Reached skill level 1 in Armour
   274 | D:1      | Reached XP level 2. HP: 18/26 MP: 2/2
   799 | D:1      | Reached skill level 1 in Polearms
   799 | D:1      | Reached XP level 3. HP: 11/31 MP: 3/3
  1478 | D:2      | Found a faded altar of an unknown god.
  1660 | D:2      | Reached XP level 4. HP: 30/39 MP: 4/4
  2323 | D:3      | Identified the ring "Baatasch" {+Blink rN+ Str+6 Slay+3}
  2518 | D:3      | Found a sacrificial altar of Ru.
  2521 | D:3      | Found a shadowy altar of Dithmenos.
  2526 | D:3      | Found a shimmering blue altar of Sif Muna.
  2540 | D:3      | Became a worshipper of Ru the Awakened
  2564 | D:3      | Gained mutation: You are somewhat inexperienced. (-1 XL)
                  | [Ru sacrifice]
  2564 | D:3      | Reached XP level 3. HP: 31/31 MP: 3/3
  2564 | D:3      | Reached * piety under Ru
  2690 | D:3      | Found a runed translucent gate.
  2690 | D:3      | Found a runed translucent gate.
  2691 | D:3      | Found a runed translucent gate.
  2693 | D:3      | Noticed gelatine's ghost (amateur DsVM)
  2965 | D:4      | Found a blossoming altar of Fedhas.
  3179 | D:4      | Slain by an iguana

Illustrated notes

Levels and vault maps discovered:
D:1:      wander_arrival_peaceful_grave, layout_loops_cross, nicolae_titane
D:2:      layout_basic, shapermc_ecumenical_altar_mp_urbaneastern
D:3:      layout_loops_ring, grunt_temple_overflow_open,
          gammafunk_ghost_necromancy
D:4:      layout_loops_ring, fedhas_altar_1, gammafunk_temple_overflow_wave,
          nicolae_concentric_dashed_squares_mild, grunt_decor_cap,
          grunt_ministairs_14, minmay_misc_feat_five, minmay_snake_closets

Skill      XL: |  1  2  3  4 |
---------------+-------------+-----
Armour         | 1 2 3 |  3.0
Polearms       | 1 2 3 |  3.2
Fighting       | |  3.6
Axes           | |  4.0
Dodging        | |  2.4
Stealth        | |  1.5
Evocations     | |  0.4

Action                   |  1- 3 |  4- 6 || total
-------------------------+-------+-------++-------
Melee: Hand axe          |    29 |       ||    29
       Spear             |    86 |    56 ||   142
       Punch             |       |     1 ||     1
Throw: Stone             |     1 |       ||     1
Invok: Sacrifice Experie |     1 |       ||     1
 Stab: Sleeping          |     3 |       ||     3
Armor: Robe              |     1 |       ||     1
       Ring mail         |    30 |    15 ||    45
       Scale mail        |     8 |       ||     8
Dodge: Dodged            |    80 |    40 ||   120
